 Dungeon Crawl Stone Soup version 0.28.0 (webtiles) character file.

Game seed: 15039272972637602847

23 Hasart the Skirmisher (level 2, -4/25 HPs)
             Began as a Demigod Fighter on Feb 14, 2022.
             Killed from afar by Sigmund (12 damage)
             ... with a puff of flame
             ... on level 2 of the Dungeon.
             The game lasted 00:00:40 (1204 turns).

Hasart the Skirmisher (Demigod Fighter)             Turns: 1204, Time: 00:00:41

Health: -4/25      AC:  6    Str: 17    XL:     2   Next: 54%
Magic:  4/4        EV:  9    Int: 10    God:
Gold:   24         SH:  4    Dex: 13    Spells: 1/1 levels left

rFire   . . .      SeeInvis .   a - +0 long sword
rCold   . . .      Faith    .   c - +0 buckler
rNeg    . . .      Spirit   .   b - +0 scale mail
rPois   .          Reflect  .   (no helmet)
rElec   .          Harm     .   (no cloak)
rCorr   .          Rampage  .   (no gloves)
Will    .....                   (no boots)
Stlth   ..........              (no amulet)
HPRegen 0.08/turn               (no ring)
MPRegen 0.09/turn               (no ring)

@: mighty
A: high MP 1, forlorn, divine attributes
a: no special abilities


You were on level 2 of the Dungeon.
You visited 1 branch of the dungeon, and saw 2 of its levels.

You collected 24 gold pieces.

Inventory:

Hand Weapons
 a - a +0 long sword (weapon)
Armour
 b - a +0 scale mail (worn)
 c - a +0 buckler (worn)
Jewellery
 i - a ring of see invisible
Scrolls
 f - 2 scrolls of blinking {unknown}
 g - a scroll of enchant weapon {unknown}
Potions
 e - 2 potions of brilliance {unknown}
 h - a potion of curing {unknown}


   Skills:
 + Level 2.9 Fighting
 * Level 2.2 Long Blades
 + Level 2.8 Armour
 + Level 0.6 Dodging
 + Level 2.9 Shields


You had one spell level left.
You didn't know any spells.
Your spell library was empty.

Dungeon Overview and Level Annotations

Branches:
Dungeon (2/15)

Annotations:
D:2 Sigmund


Innate Abilities, Weirdness & Mutations

You have an increased reservoir of magic. (+10% MP)
You shall have no god before yourself.
Your divine heritage dramatically boosts your attributes as you level up.


Message History

Found a stone staircase leading up.
Sigmund shouts!
Found a bubbling white potion.
You hit the goblin.
The goblin is severely wounded.
Sigmund points at you and mumbles some strange words.
The magic dart hits you. The goblin hits you but does no damage.
You slash the goblin!
You kill the goblin!
A frilled lizard comes into view.
Sigmund's eyes start glowing with a red light.
Sigmund hits you with a +0 scythe!
You are too injured to fight recklessly!
You are too injured to fight recklessly!
You are too injured to fight recklessly!
You are too injured to fight recklessly!
You are too injured to fight recklessly!
You are too injured to fight recklessly!
You are too injured to fight recklessly!
You are too injured to fight recklessly!
You are too injured to fight recklessly!
You are too injured to fight recklessly!
You are too injured to fight recklessly!
You are too injured to fight recklessly!
You are too injured to fight recklessly!
You are too injured to fight recklessly!
Unknown command.
You feel very mighty all of a sudden. Sigmund hits you but does no damage.
Unknown command.
You slash Sigmund!
Sigmund is heavily wounded.
You slash Sigmund!
Sigmund is severely wounded.
You block Sigmund's attack.
You slash Sigmund!
Sigmund is almost dead.
Sigmund gestures at you while chanting. The puff of flame hits you!
You die...

.. ..# #.#.... ..
..#.... ...
#####.....#
#.###.........##
#..#............
###.......l@....##
.....#...)@.[...!#
#............##...
#..............
<...#†)..........
#.. #.<..........
......)............
..........####++###
.........##
........##


You could see Sigmund and a frilled lizard.

Vanquished Creatures
  2 ball pythons
  An endoplasm (D:1)
  2 giant cockroaches (D:1)
  4 goblins
  A hobgoblin (D:1)
  3 jackals (D:1)
  A bat (D:1)
  3 frilled lizards (D:1)
  2 kobolds (D:1)
  A rat (D:1)
20 creatures vanquished.

Notes
Turn   | Place    | Note
-------+----------+-------------------------------------------
     0 | D:1      | Hasart the Demigod Fighter began the quest for the Orb.
     0 | D:1      | Reached XP level 1. HP: 18/18 MP: 3/3
   410 | D:1      | Reached XP level 2. HP: 16/25 MP: 4/4
  1196 | D:2      | Noticed Sigmund
  1204 | D:2      | Killed from afar by Sigmund

Illustrated notes

Levels and vault maps discovered:
D:1:      evilmike_arrival_crescent, layout_basic
D:2:      kennysheep_big_flooded_room, layout_rooms, basic_altar,
          solitary_fountain, uniq_robin, uniq_sigmund

Skill      XL: |  1 |
---------------+----+-----
Long Blades    | 2 |  2.2
Fighting       | |  2.9
Armour         | |  2.8
Dodging        | |  0.6
Shields        | |  2.9

Action                   || total
-------------------------++-------
Melee: Long sword        ||    72
  Use: Potion            ||     1
Armor: Scale mail        ||    31
Dodge: Dodged            ||    42
Block: Buckler           ||    19
